 Dungeon Crawl Stone Soup version 0.30.1-9-gdf580d7c3d (webtiles) character file.

Game seed: 14027540431604740599

115 Ivernyr the Shield-Bearer (level 5, -2/42 HPs)
             Began as a Formicid Fighter on Oct 15, 2023.
             Slain by a black bear (7 damage)
             ... on level 4 of the Dungeon.
             The game lasted 00:03:21 (1779 turns).

Ivernyr the Shield-Bearer (Formicid Fighter)        Turns: 1779, Time: 00:03:21

Health: -2/42      AC: 13    Str: 22    XL:     5   Next: 20%
Magic:  5/5        EV:  9    Int:  8    God:
Gold:   234        SH:  5    Dex: 13    Spells: 4/4 levels left

rFire   . . .        a - +0 quarterstaff
rCold   + . .        c - +0 buckler
rNeg    . . .        b - +0 scale mail
rPois   .            (helmet unavailable)
rElec   .            m - +0 cloak
rCorr   .            n - +0 pair of gloves
SInv    +            (no boots)
Will    .....        (no amulet) Stlth
                     k - +4 ring of protection
HPRegen 0.27/turn    s - ring of protection from cold
MPRegen 0.09/turn

%: no passive effects
@: no status effects
A: permanent stasis, dig shafts and tunnels, antennae 3, four strong arms
a: Dig, Shaft Self


You were on level 4 of the Dungeon.
You visited 1 branch of the dungeon, and saw 4 of its levels.

You collected 234 gold pieces.

Inventory:

Hand Weapons
 a - a +0 quarterstaff (weapon)
Armour
 b - a +0 scale mail (worn)
 c - a +0 buckler (worn)
 m - a +0 cloak (worn)
 n - a +0 pair of gloves (worn)
Jewellery
 k - a +4 ring of protection (left hand)
 p - a ring of flight
 s - a ring of protection from cold (right hand)
Scrolls
 g - 2 scrolls of teleportation {unknown}
 i - a scroll of enchant armour {unknown}
 l - 3 scrolls of identify {unknown}
 o - a scroll of fear {unknown}
 r - a scroll of brand weapon {unknown}
 u - a scroll of noise {unknown}
 y - a scroll of poison {unknown}
 z - a scroll of blinking {unknown}
Potions
 d - a potion of might
 e - 2 potions of degeneration {unknown}
 f - a potion of flight {unknown}
 h - a potion of cancellation {unknown}
 j - 2 potions of curing {unknown}
 q - a potion of mutation {unknown}
 t - a potion of brilliance {unknown}
 v - 2 potions of lignification {unknown}
 w - 2 potions of invisibility {unknown}
 x - 2 potions of heal wounds {unknown}


   Skills:
 + Level 4.0 Fighting
 * Level 3.4 Staves
 + Level 4.0 Armour
 + Level 4.8 Shields


You had 4 spell levels left.
You didn't know any spells.
Your spell library contained the following spells:

 Spells                   Type           Power      Damage    Failure   Level
 Beastly Appendage        Tmut           0%         N/A       80%         1
 Wereblood                Tmut           0%         N/A       90%         2
 Spider Form              Tmut/Pois      0%         N/A       99%         3


Dungeon Overview and Level Annotations

Branches:
Dungeon (4/15)
 Temple: D:4-7

Altars:
Makhleb
Nemelex Xobeh
Vehumet


Innate Abilities, Weirdness & Mutations

You cannot be hasted, slowed, berserked, paralysed or teleported.
You can dig through walls and to a lower floor.
You have a pair of large antennae on your head. (SInv)
Your four strong arms can wield two-handed weapons with a shield.


Message History

A gnoll comes into view. It is wielding a +0 spear.
The gnoll shouts!
You hit the black bear but do no damage.
The black bear is almost dead.
The black bear bites you! The black bear claws you. x2
You block the ball python's attack. The ball python constricts you.
You block the black bear's attack.
The black bear claws you but does no damage. x2
The gnoll hits you but does no damage.
You closely miss the black bear.
The black bear is almost dead.
The black bear barely misses you.
The black bear claws you but does no damage. x2
The ball python bites you but does no damage.
The ball python constricts you.
The gnoll hits you from afar with a +0 spear.
The black bear bites you. The black bear closely misses you.
The black bear claws you but does no damage.
You escape the ball python's grasp.
The black bear rages.
The black bear bites you but does no damage.
The black bear closely misses you.
The black bear claws you but does no damage.
The black bear attacks as you move away!
The black bear bites you.
* * * LOW HITPOINT WARNING * * *
The black bear claws you.
* * * LOW HITPOINT WARNING * * *
The black bear barely misses you. The black bear barely misses you.
The black bear claws you.
* * * LOW HITPOINT WARNING * * *
You block the black bear's attack.
The black bear attacks as you move away!
The black bear bites you but does no damage.
The black bear claws you but does no damage. x2
The black bear barely misses you. The black bear claws you.
* * * LOW HITPOINT WARNING * * *
The black bear claws you but does no damage.
The black bear bites you!
You die...

#######..#.# ..$
##..........##
#...
##............##
#...
#.........g....#
.>.
#........g.....#
..
#.......g....[.#
#..............#
#)...hS........#
##...@........##
##..<.......##
############


You could see a black bear (berserk), 3 gnolls and a ball python.

Vanquished Creatures
  Terence (D:2)
  3 adders
  A worm (D:2)
  2 dart slugs
  5 bats
  4 endoplasms
  4 giant cockroaches
  6 goblins
  7 hobgoblins
  2 jackals (D:1)
  7 kobolds
  4 ball pythons
  5 frilled lizards
  3 rats
54 creatures vanquished.

Notes
Turn   | Place    | Note
-------+----------+-------------------------------------------
     0 | D:1      | Ivernyr the Formicid Fighter began the quest for the Orb.
     0 | D:1      | Reached XP level 1. HP: 18/18 MP: 1/1
    79 | D:1      | Reached XP level 2. HP: 24/24 MP: 2/2
   481 | D:1      | Reached XP level 3. HP: 29/29 MP: 3/3
   786 | D:2      | Reached XP level 4. HP: 33/37 MP: 4/4
   889 | D:2      | Found a radiant altar of Vehumet.
  1060 | D:2      | Noticed Terence
  1067 | D:2      | Killed Terence
  1116 | D:2      | Found a faded altar of an unknown god.
  1299 | D:3      | Reached XP level 5. HP: 42/42 MP: 5/5
  1654 | D:3      | Found a burning altar of Makhleb.
  1654 | D:3      | Found a sparkling altar of Nemelex Xobeh.
  1758 | D:4      | Noticed a black bear
  1779 | D:4      | Slain by a black bear

Illustrated notes

Levels and vault maps discovered:
D:1:      wheals_arrival_shading, layout_basic, hangedman_feature_mirror,
          item_on_display_b
D:2:      layout_rooms, basic_altar, chequers_ecumenical_altar_simple,
          uniq_terence
D:3:      layout_rooms, grunt_temple_overflow_open
D:4:      layout_rooms, minmay_temple_entry_enclosed_plants

Skill      XL: |  1  2  3  4  5 |
---------------+----------------+-----
Staves         | 3 |  3.4
Fighting       | 4 |  4.0
Armour         | 4 |  4.0
Shields        | |  4.8

Action                     |  1- 3 |  4- 6 || total
---------------------------+-------+-------++-------
  Melee: Quarterstaff      |    71 |    76 ||   147
 Armour: Scale mail        |    45 |    52 ||    97
  Dodge: Dodged            |    38 |    33 ||    71
  Block: Buckler           |    21 |    25 ||    46
